 Dungeon Crawl Stone Soup version 0.24.0-123-gd5b16e6ec5 (webtiles) character file.

Game seed: 2904121071431047053, levelgen mode: deterministic

33394 FishyPogo the Slicer (level 13, -13/104 HPs)
             Began as a Gnoll Chaos Knight on Feb 10, 2020.
             Was a Plaything of Xom.
             Killed from afar by a lindwurm (33 damage)
             ... with a blast of flame
             ... on level 6 of the Lair of Beasts.
             The game lasted 01:15:19 (15636 turns).

FishyPogo the Slicer (Gnoll Chaos Knight)          Turns: 15636, Time: 01:15:21

Health: -13/104    AC:  8    Str: 24 (25) XL:     13   Next: 70%
Magic:  27/27      EV: 18    Int: 18      God:    Xom [......]
Gold:   503        SH:  4    Dex: 17      Spells: 13/28 levels left

rFire    . . .     SeeInvis +   a - +8 scimitar "Asu Lasas" {venom, rC- Str+5 Stlth+}
rCold    + . .     Gourm    .   (no shield)
rNeg     . . .     Faith    .   F - +4 robe "Sonomp" {rPois rC+}
rPois    +         Spirit   .   (helmet restricted)
rElec    .         Reflect  .   v - +0 cloak
rCorr    .         Harm     .   (no gloves)
MR       .....                  (no boots)
Stlth    +++++.....             U - amulet of regeneration
HPRegen  0.67/turn              W - +5 ring of slaying
MPRegen  0.20/turn              (no ring)

@: no status effects
A: distributed training, antennae 1, fangs 1, talons 2, large bone plates 1, see
invisible, agile 1, clever 1, cold resistance 1, deterioration 1, high mp 1,
strong 1, strong nose
a: Renounce Religion


You were on level 6 of the Lair of Beasts.
You worshipped Xom.
You were a very special plaything of Xom.
You were not hungry.

You visited 2 branches of the dungeon, and saw 17 of its levels.

You collected 1039 gold pieces.
You spent 536 gold pieces at shops.

Inventory:

Hand Weapons
 a - the +8 scimitar "Asu Lasas" (weapon) {venom, rC- Str+5 Stlth+}
   (You bought it in a shop on level 6 of the Dungeon)

   It poisons the flesh of those it strikes.
   It affects your strength (+5).
   It makes you vulnerable to cold.
   It makes you more stealthy.
 b - the +6 dagger of Karma {pain, rN++ Str-3}
   (You bought it in a shop on level 6 of the Dungeon)

   In the hands of one skilled in necromantic magic, it inflicts extra damage on
   living creatures.
   It affects your strength (-3).
   It greatly protects you from negative energy.
 B - a +1 short sword of chaos
Missiles
 j - 435 stones (quivered)
 l - 6 boomerangs
 n - a throwing net
 C - 50 poisoned darts
 N - 129 sling bullets
 O - 8 curare-tipped darts
Armour
 v - a +0 cloak (worn)
 F - the +4 robe "Sonomp" (worn) {rPois rC+}
   (You bought it in a shop on level 6 of the Dungeon)

   It protects you from cold.
   It protects you from poison.
 J - a +3 leather armour
Jewellery
 M - an uncursed amulet of the acrobat
 U - an amulet of regeneration (around neck)
 W - a +5 ring of slaying (left hand)
Wands
 e - a wand of enslavement (24)
 x - a wand of scattershot (5)
 z - a wand of disintegration (14)
 H - a wand of paralysis (19)
 I - a wand of acid (17)
 K - a wand of random effects (68)
 P - a wand of flame (16)
 Q - a wand of iceblast (8)
Scrolls
 f - 2 scrolls of fear
 g - 14 scrolls of identify
 h - 3 scrolls of noise
 i - a scroll of enchant armour
 k - 3 scrolls of enchant weapon
 m - a scroll of random uselessness {unknown}
 o - 4 scrolls of remove curse
 r - a scroll of magic mapping {unknown}
 s - 2 scrolls of fog {unknown}
 t - 2 scrolls of immolation
 w - 2 scrolls of teleportation
 y - 2 scrolls of silence {unknown}
 A - 3 scrolls of blinking
 D - a scroll of amnesia {unknown}
 E - a scroll of brand weapon
 S - a scroll of holy word {unknown}
 T - 2 scrolls of acquirement {unknown}
Potions
 p - 10 potions of curing
 q - 3 potions of degeneration
 u - 2 potions of flight
 L - a potion of magic {unknown}
 R - 2 potions of heal wounds {unknown}
 V - a potion of lignification
Comestibles
 c - 37 rations
 d - 12 chunks of flesh


   Skills:
 + Level 10.5 Fighting
 + Level 10.5 Short Blades
 + Level 8.4 Long Blades
 + Level 8.4 Axes
 + Level 8.4 Maces & Flails
 + Level 8.4 Polearms
 + Level 8.4 Staves
 + Level 8.4 Slings
 + Level 8.4 Bows
 + Level 8.4 Crossbows
 + Level 8.4 Throwing
 + Level 9.6 Armour
 + Level 8.8 Dodging
 + Level 8.4 Stealth
 + Level 8.4 Shields
 + Level 8.4 Unarmed Combat
 + Level 8.4 Spellcasting
 + Level 7.0 Conjurations
 + Level 7.0 Hexes
 + Level 7.0 Charms
 + Level 7.0 Summonings
 + Level 7.0 Necromancy
 + Level 7.0 Translocations
 + Level 7.0 Transmutations
 + Level 7.0 Fire Magic
 + Level 7.0 Ice Magic
 + Level 7.0 Air Magic
 + Level 7.0 Earth Magic
 + Level 7.0 Poison Magic
 + Level 9.2 Invocations
 + Level 8.4 Evocations


You had 13 spell levels left.
You knew the following spells:

 Your Spells              Type           Power        Failure   Level  Hunger
a - Magic Dart            Conj           ####         1%          1    None
b - Bolt of Magma         Conj/Fire/Erth ####......   14%         5    #####..
c - Mephitic Cloud        Conj/Pois/Air  ####....     1%          3    None
j - Conjure Flame         Conj/Fire      ####....     1%          3    None
k - Call Canine Familiar  Summ           ####....     1%          3    None

Your spell library contained the following spells:

 Spells                   Type           Power        Failure   Level  Hunger
 Confusing Touch          Hex            ####..       1%          1    None
 Summon Butterflies       Summ           ####....     1%          1    None
 Blink                    Tloc           N/A          1%          2    None
 Call Imp                 Summ           ####....     1%          2    None
 Slow                     Hex            ####....     1%          2    None
 Inner Flame              Hex/Fire       ####....     1%          3    None
 Portal Projectile        Hex/Tloc       ####..       1%          3    None
 Summon Guardian Golem    Hex/Summ       ####....     1%          3    None
 Leda's Liquefaction      Hex/Erth       ####......   5%          4    ###....
 Summon Ice Beast         Ice/Summ       ####....     5%          4    ###....
 Metabolic Englaciation   Hex/Ice        ####......   14%         5    #####..
 Summon Mana Viper        Hex/Summ       ####....     14%         5    #####..
 Iron Shot                Conj/Erth      ####......   63%         6    ######.
 Statue Form              Tmut/Erth      ####.....    63%         6    ######.
 Summon Hydra             Summ           ####......   99%         7    #######
 Shatter                  Erth           ####......   100%        9    #######


Dungeon Overview and Level Annotations

Branches:
Dungeon (11/15)            Temple (0/1) D:5            Lair (6/6) D:8
 Shoals (0/4) Lair:2       Spider (0/4) Lair:2          Orc (0/2) D:10
  Slime: Lair:5-6

Altars:
Cheibriados
Dithmenos
Fedhas
Gozag
Hepliaklqana
Kikubaaqudgha
Makhleb
Uskayaw
Wu Jian
Xom
Yredelemnul
Zin

Shops:
D:6 %[(%%   D:10 }[[

Annotations:
D:9 exclusion: obsidian statue
Lair:4 2 transporters, Mandevil's ghost, journeyman OpAK
Lair:6 exclusion: oklob plant


Innate Abilities, Weirdness & Mutations

Your experience applies equally to all skills.
You have very sharp teeth.
Your uncanny sense of smell can sniff out nearby items.
You have a pair of small antennae on your head.
You have razor-sharp toenails.
You are partially covered in large bone plates. (SH +4)
You have supernaturally acute eyesight. (SInv)
You are agile. (Dex +2)
Your mind is acute. (Int +2)
Your flesh is cold resistant. (rC+)
Your body sometimes deteriorates upon taking damage.
You have an increased reservoir of magic. (+10% MP)
Your muscles are strong. (Str +2)


Message History

Aim: a deep troll shaman Attack!
Your spectral death yak gores the deep troll shaman!
Something bites your spectral death yak!
Something claws your spectral death yak. x2
The deep troll shaman completely misses your spectral death yak.
The deep troll shaman claws your spectral death yak!
Your spectral death yak is destroyed!
Unknown command.
Your spectral death yak gores the lindwurm!
Unknown command.
Unknown command.
Unknown command.
You slice the lindwurm!! You punch the lindwurm!
You bite the lindwurm, but do no damage.
The lindwurm is almost dead.
The lindwurm breathes flames at you. The blast of flame hits you!!
You die...
Xom is highly amused!

## P# .# #### ∆ .##..###
####### ...P..#
###.÷...###.P..#
###..÷......÷...P#
#...8. #...b.÷..# .8....
#@.....#.#
..÷...###kb..##Z#
∆.8..8..#ZT..##..# ##.
∆(...÷8.#..÷.#...# #...
:?.....T.8.##...# #.P.##
#!!.8÷b8...#....# #....#
##)$...b.###...##
.÷..P## ###?#####.†...#
P.....########.P.....P##


You could see a lindwurm and a deep troll shaman.

Vanquished Creatures
  Kirke (Lair:4)
  3 hydras
  2 catoblepae (Lair:6)
  The ghost of Voldus the Carver, a journeyman OpFi of Dithmenos (D:9)
  2 two-headed ogres
  4 death yaks (Lair:6)
  Sonja (Lair:1)
  Pikel (D:6)
  A manticore (D:11)
  11 elephants
  4 black mambas
  Joseph (D:7)
  3 spiny frogs
  4 komodo dragons
  8 blink frogs
  A slime creature (Lair:3)
  6 hippogriffs
  A human (D:7)
  A wraith (D:10)
  Eustachio (D:4)
  6 hogs
  A redback (Lair:2)
  A wyvern (Lair:3)
  18 yaks
  A steam dragon (D:8)
  3 basilisks
  A spatial vortex (Lair:4)
  2 wargs (D:8)
  2 porcupines (Lair:2)
  8 water moccasins
  7 orc warriors
  An ice beast (shapeshifter) (Lair:2)
  4 slaves
  A sky beast (D:9)
  5 black bears
  An ice beast (D:7)
  4 ogres
  2 phantoms (D:7)
  22 wolves
  A centaur (D:7)
  8 crocodiles
  14 bullfrogs
  A scorpion (D:7)
  4 killer bees
  An electric eel (Lair:5)
  2 howler monkeys (D:6)
  7 crimson imps
  2 bullfrog zombies
  2 centaur zombies
  A quasit (D:7)
  3 jellies (Lair:3)
  2 bullfrog skeletons
  A centaur skeleton (D:8)
  10 orc priests
  6 hounds
  Crazy Yiuf (D:7)
  Natasha (D:3)
  2 iguanas
  10 orc wizards
  7 worker ants
  2 worker ant zombies
  4 gnolls (D:8)
  11 adders
  12 oozes
  3 adder zombies
  An adder skeleton (D:9)
  A dart slug (D:1)
  7 leopard geckos
  33 orcs
  9 bats
  5 giant cockroaches
  13 hobgoblins
  13 jackals
  12 kobolds
  5 quokkas
  2 ball pythons
  2 frilled lizards
  8 goblins
  A jackal zombie (D:6)
  A quokka skeleton (D:5)
  A quokka zombie (D:7)
  17 rats
  A plant (Lair:5)
397 creatures vanquished.

Vanquished Creatures (collateral kills)
  2 hogs (Lair:4)
  A warg (D:8)
  A bullfrog (D:9)
  2 killer bees (D:8)
  A centaur zombie (D:5)
  A dart slug (D:3)
  An orc (D:8)
9 creatures vanquished.

Vanquished Creatures (others)
  2 spiny frogs (Lair:6)
  A human (D:10)
  An orc (D:5)
  13 fungi
  6 plants
23 creatures vanquished.

Grand Total: 429 creatures vanquished

Notes
Turn   | Place    | Note
-------+----------+-------------------------------------------
     0 | D:1      | FishyPogo the Gnoll Chaos Knight began the quest for the
                  | Orb.
     0 | D:1      | Reached XP level 1. HP: 23/23 MP: 1/1
    41 | D:1      | Reached XP level 2. HP: 25/29 MP: 2/2
   167 | D:1      | XOM: divination: detect creatures
   217 | D:1      | Reached XP level 3. HP: 31/35 MP: 3/3
   573 | D:1      | Reached skill level 1 in Invocations
   644 | D:2      | Reached skill level 1 in Long Blades
   644 | D:2      | Reached skill level 1 in Axes
   644 | D:2      | Reached skill level 1 in Maces & Flails
   644 | D:2      | Reached skill level 1 in Polearms
   644 | D:2      | Reached skill level 1 in Staves
   644 | D:2      | Reached skill level 1 in Slings
   644 | D:2      | Reached skill level 1 in Bows
   644 | D:2      | Reached skill level 1 in Crossbows
   644 | D:2      | Reached skill level 1 in Throwing
   644 | D:2      | Reached skill level 1 in Stealth
   644 | D:2      | Reached skill level 1 in Shields
   644 | D:2      | Reached skill level 1 in Unarmed Combat
   644 | D:2      | Reached skill level 1 in Spellcasting
   644 | D:2      | Reached skill level 1 in Evocations
   644 | D:2      | Reached XP level 4. HP: 24/41 MP: 5/5
   775 | D:2      | XOM: mild Conj miscast
   785 | D:2      | Noticed an ogre
   818 | D:2      | XOM: enchant monster (good)
   831 | D:2      | Killed an ogre
   831 | D:2      | Reached skill level 1 in Conjurations
   831 | D:2      | Reached skill level 1 in Hexes
   831 | D:2      | Reached skill level 1 in Charms
   831 | D:2      | Reached skill level 1 in Summonings
   831 | D:2      | Reached skill level 1 in Necromancy
   831 | D:2      | Reached skill level 1 in Translocations
   831 | D:2      | Reached skill level 1 in Transmutations
   831 | D:2      | Reached skill level 1 in Fire Magic
   831 | D:2      | Reached skill level 1 in Ice Magic
   831 | D:2      | Reached skill level 1 in Air Magic
   831 | D:2      | Reached skill level 1 in Earth Magic
   831 | D:2      | Reached skill level 1 in Poison Magic
   831 | D:2      | Reached XP level 5. HP: 38/47 MP: 5/7
   841 | D:2      | XOM: harmless Erth miscast
  1026 | D:2      | Found a shadowy altar of Dithmenos.
  1082 | D:2      | XOM: 7-stop teleportation journey
  1306 | D:3      | XOM: swap monsters
  1317 | D:3      | Found a basalt altar of Yredelemnul.
  1360 | D:3      | XOM: scenery: 1 doors open
  1455 | D:3      | Found an ornate altar of the Wu Jian Council.
  1479 | D:3      | Found a hide-covered altar of Uskayaw.
  1602 | D:3      | Reached XP level 6. HP: 53/53 MP: 8/8
  1634 | D:3      | XOM: give mutations
  1634 | D:3      | Gained mutation: You possess an exceptional clarity of
                  | mind. [Xom's grace]
  1634 | D:3      | Gained mutation: You are covered in fur. (AC +1) [Xom's
                  | grace]
  1775 | D:3      | Noticed Natasha
  1792 | D:3      | Killed Natasha
  1812 | D:3      | XOM: summons friendly shadow imp
  1963 | D:3      | XOM: polymorph shadow imp -> crimson imp
  1969 | D:3      | Reached skill level 5 in Armour
  2039 | D:3      | XOM: mild Summ miscast
  2397 | D:4      | Noticed Eustachio
  2417 | D:4      | Killed Eustachio
  2417 | D:4      | Reached XP level 7. HP: 60/60 MP: 10/10
  2484 | D:4      | XOM: harmless Chrm miscast
  2566 | D:4      | XOM: give mutation
  2566 | D:4      | Gained mutation: Scrolls take you a little longer to read.
                  | [Xom's mischief]
  2691 | D:4      | XOM: medium Necr miscast
  2746 | D:5      | Entered Level 5 of the Dungeon
  2866 | D:5      | Found a staircase to the Ecumenical Temple.
  2900 | D:5      | XOM: summons 2 friendly demons
  2984 | D:5      | XOM: swap monsters
  3019 | D:5      | Found a blossoming altar of Fedhas.
  3062 | D:5      | Found a hazy altar of Hepliaklqana.
  3316 | D:5      | XOM: mild Necr miscast
  3317 | D:5      | XOM: mild Tmut miscast
  3364 | D:5      | XOM: 3-stop teleportation journey
  3381 | D:5      | XOM: mild Necr miscast
  3428 | D:5      | XOM: divine lightning
  3433 | D:5      | Reached XP level 8. HP: 21/67 MP: 12/12
  3725 | D:6      | Found a glowing silver altar of Zin.
  3776 | D:6      | Found Tigiklitt's Food Shop.
  3777 | D:6      | Found a burning altar of Makhleb.
  3781 | D:6      | Found Enyubant's Antique Weapon Boutique.
  3805 | D:6      | XOM: give mutations
  3805 | D:6      | Gained mutation: You are clumsy. (Dex -2) [Xom's mischief]
  3805 | D:6      | Gained mutation: You are weak. (Str -2) [Xom's mischief]
  3805 | D:6      | Lost mutation: You are clumsy. (Dex -2) [Xom's mischief]
  3805 | D:6      | Gained mutation: You have a pair of small antennae on your
                  | head. [Xom's mischief]
  3951 | D:6      | XOM: polymorph adder -> howler monkey
  3993 | D:6      | Found Isyar's Food Boutique.
  4092 | D:6      | Found Sisuatik's Food Emporium.
  4200 | D:6      | XOM: polymorph adder -> killer bee
  4360 | D:6      | XOM: torment (26/67 hp)
  4441 | D:6      | Bought an ancient dagger for 175 gold pieces
  4441 | D:6      | Identified the +6 dagger of Karma {pain, rN++ Str-3} (You
                  | bought it in a shop on level 6 of the Dungeon)
  4543 | D:6      | Found Kattias's Antique Armour Shop.
  4546 | D:6      | Bought a smoking robe for 136 gold pieces
  4556 | D:6      | Identified the +4 robe "Sonomp" {rPois rC+} (You bought it
                  | in a shop on level 6 of the Dungeon)
  4573 | D:7      | XOM: medium Summ miscast
  4590 | D:7      | Noticed Pikel
  4591 | D:7      | Noticed Joseph
  4593 | D:6      | XOM: enchant monster (good)
  4605 | D:6      | XOM: confuse monster(s)
  4606 | D:6      | XOM: summons 4 hostile demons
  4607 | D:6      | Noticed a hellwing
  5012 | D:7      | XOM: blink monster(s)
  5021 | D:7      | Reached XP level 9. HP: 19/72 MP: 14/14
  5030 | D:7      | Killed Joseph
  5039 | D:7      | XOM: medium Fire miscast
  5039 | D:7      | HP: 2/109 [something (28)]
  5043 | D:7      | XOM: noise
  5059 | D:7      | HP: 3/109 [phantom (4)]
  5065 | D:7      | HP: 1/109 [phantom (4)]
  5067 | D:7      | Lost mutation: You possess an exceptional clarity of mind.
                  | [potion of mutation]
  5067 | D:7      | Lost mutation: You are weak. (Str -2) [potion of mutation]
  5067 | D:7      | Lost mutation: Scrolls take you a little longer to read.
                  | [potion of mutation]
  5067 | D:7      | Lost mutation: You are covered in fur. (AC +1) [potion of
                  | mutation]
  5067 | D:7      | Gained mutation: You have supernaturally acute eyesight.
                  | (SInv) [potion of mutation]
  5067 | D:7      | Gained mutation: Your flesh is cold resistant. (rC+)
                  | [potion of mutation]
  5302 | D:7      | Found a runed translucent door.
  5303 | D:7      | Noticed Crazy Yiuf
  5312 | D:7      | Killed Crazy Yiuf
  5421 | D:7      | XOM: scenery: create altars
  5428 | D:7      | XOM: fog
  5433 | D:7      | XOM: cleaving
  5435 | D:7      | Reached skill level 5 in Dodging
  5465 | D:7      | XOM: harmless Tloc miscast
  5502 | D:7      | Reached skill level 5 in Invocations
  5542 | D:7      | XOM: silly message
  5913 | D:7      | Reached XP level 10. HP: 80/80 MP: 17/17
  6148 | D:8      | XOM: blink monster(s)
  6211 | D:8      | Found a burning altar of Makhleb.
  6230 | D:8      | Found a staircase to the Lair.
  6230 | D:8      | XOM: 1-stop teleportation journey
  6250 | D:8      | Noticed a two-headed ogre
  6251 | D:8      | XOM: summons friendly white imp
  6274 | D:8      | XOM: enchant monster (bad)
  6319 | D:8      | XOM: enchant monster (good)
  6398 | D:7      | XOM: cloud trail
  6447 | D:8      | XOM: repel stairs
  6462 | D:8      | Killed a two-headed ogre
  6462 | D:8      | Reached skill level 5 in Long Blades
  6462 | D:8      | Reached skill level 5 in Axes
  6462 | D:8      | Reached skill level 5 in Maces & Flails
  6462 | D:8      | Reached skill level 5 in Polearms
  6462 | D:8      | Reached skill level 5 in Staves
  6462 | D:8      | Reached skill level 5 in Slings
  6462 | D:8      | Reached skill level 5 in Bows
  6462 | D:8      | Reached skill level 5 in Crossbows
  6462 | D:8      | Reached skill level 5 in Throwing
  6462 | D:8      | Reached skill level 5 in Stealth
  6462 | D:8      | Reached skill level 5 in Shields
  6462 | D:8      | Reached skill level 5 in Unarmed Combat
  6462 | D:8      | Reached skill level 5 in Spellcasting
  6462 | D:8      | Reached skill level 5 in Evocations
  6512 | D:8      | XOM: chaos cloud
  6528 | D:8      | XOM: 1-stop teleportation journey
  6582 | D:8      | XOM: summons 5 friendly demons
  6656 | D:8      | XOM: scenery: 1 doors open, 2 doors close
  7100 | D:8      | XOM: polymorph ice beast -> steam dragon
  7109 | D:8      | XOM: smoke on damage
  7272 | D:8      | Learned a level 3 spell: Call Canine Familiar
  7530 | D:9      | XOM: smoke on damage
  7533 | D:8      | XOM: god gift: 13 gold pieces
  7675 | D:8      | XOM: give mutation
  7675 | D:8      | Gained mutation: You have sharp toenails. [Xom's mischief]
  7762 | D:9      | Found a runed translucent gate.
  7762 | D:9      | Found a runed translucent gate.
  7762 | D:9      | Found an opulent altar of Gozag.
  7762 | D:9      | Noticed an obsidian statue
  7763 | D:9      | Found a runed translucent gate.
  7768 | D:9      | Noticed Voldus's ghost (journeyman OpFi)
  7855 | D:9      | XOM: enchant monster (good)
  7955 | D:9      | XOM: potion effect (agility)
  7968 | D:9      | XOM: summons friendly white imp
  7984 | D:9      | XOM: cast spell 'Summon Butterflies'
  8008 | D:9      | XOM: fog
  8017 | D:9      | XOM: blink monster(s)
  8020 | D:9      | Killed Voldus's ghost
  8040 | D:9      | Reached XP level 11. HP: 17/87 MP: 1/19
  8194 | D:9      | XOM: medium Tloc miscast
  8616 | D:10     | Entered Level 10 of the Dungeon
  8738 | D:9      | XOM: swap monsters
  8756 | D:9      | Noticed a soul eater
  8779 | D:10     | Found Ohofawn's Antique Armour Emporium.
  8864 | D:6      | XOM: silly message
  8877 | D:6      | XOM: confusion (+ monsters)
  8896 | D:6      | Killed Pikel
  8904 | D:6      | Bought a shimmering scimitar for 225 gold pieces
  8904 | D:6      | Identified the +8 scimitar "Asu Lasas" {venom, rC- Str+5
                  | Stlth+} (You bought it in a shop on level 6 of the Dungeon)
  8916 | D:7      | XOM: mild Tmut miscast
  8967 | D:10     | Found Ygacen's Antique Armour Emporium.
  9106 | D:10     | Noticed a two-headed ogre
  9118 | D:10     | Killed a two-headed ogre
  9149 | D:10     | XOM: mild Ice miscast
  9158 | D:10     | Found Owiwn's Gadget Boutique.
  9192 | D:10     | Reached skill level 5 in Conjurations
  9192 | D:10     | Reached skill level 5 in Hexes
  9192 | D:10     | Reached skill level 5 in Charms
  9192 | D:10     | Reached skill level 5 in Summonings
  9192 | D:10     | Reached skill level 5 in Necromancy
  9192 | D:10     | Reached skill level 5 in Translocations
  9192 | D:10     | Reached skill level 5 in Transmutations
  9192 | D:10     | Reached skill level 5 in Fire Magic
  9192 | D:10     | Reached skill level 5 in Ice Magic
  9192 | D:10     | Reached skill level 5 in Air Magic
  9192 | D:10     | Reached skill level 5 in Earth Magic
  9192 | D:10     | Reached skill level 5 in Poison Magic
  9355 | D:10     | XOM: give mutation
  9355 | D:10     | Gained mutation: You have razor-sharp toenails. [Xom's
                  | grace]
  9458 | D:10     | XOM: give mutation
  9458 | D:10     | Gained mutation: You are agile. (Dex +2) [Xom's grace]
  9661 | D:10     | Found a staircase to the Orcish Mines.
  9884 | D:10     | Found an ancient bone altar of Kikubaaqudgha.
  9905 | D:10     | Learned a level 1 spell: Magic Dart
  9909 | D:10     | Learned a level 3 spell: Conjure Flame
  9913 | D:10     | Learned a level 3 spell: Mephitic Cloud
  9941 | D:10     | XOM: give mutation
  9941 | D:10     | Gained mutation: You have a pair of antennae on your head.
                  | [Xom's grace]
  9949 | D:11     | Noticed a manticore
  9955 | D:11     | Killed a manticore
  9962 | D:11     | Noticed a four-headed hydra
  9974 | D:11     | XOM: scenery: 1 doors open
  9977 | D:11     | Killed a four-headed hydra
 10317 | D:10     | XOM: polymorph yak -> black mamba
 10321 | D:10     | XOM: confuse monster(s)
 10458 | Lair:1   | Entered Level 1 of the Lair of Beasts
 10463 | Lair:1   | Noticed Sonja
 10481 | Lair:1   | XOM: divination: detect creatures
 10483 | Lair:1   | Killed Sonja
 10544 | Lair:1   | XOM: god gift: 57 gold pieces
 10784 | Lair:1   | XOM: scenery: create altars
 10857 | Lair:1   | XOM: divination: detect creatures
 10866 | Lair:1   | XOM: potion effect (invisibility)
 10867 | Lair:1   | XOM: harmless Erth miscast
 10883 | Lair:1   | XOM: destruction
 10887 | Lair:1   | Reached XP level 12. HP: 45/96 MP: 13/22
 11080 | Lair:1   | XOM: give mutations
 11080 | Lair:1   | Gained mutation: You have an increased reservoir of magic.
                  | (+10% MP) [Xom's grace]
 11080 | Lair:1   | Gained mutation: Your muscles are strong. (Str +2) [Xom's
                  | grace]
 11080 | Lair:1   | Gained mutation: You are partially covered in large bone
                  | plates. (SH +4) [Xom's grace]
 11245 | Lair:2   | Found a hole to the Spider Nest.
 11334 | Lair:2   | Found a staircase to the Shoals.
 11357 | Lair:2   | HP: 4/96 [blink frog (13)]
 11577 | Lair:2   | XOM: polymorph yak -> shapeshifter
 11583 | Lair:2   | XOM: noise
 11589 | Lair:2   | XOM: confusion (+ monsters)
 11616 | Lair:2   | XOM: enchant monster (good)
 11625 | Lair:2   | XOM: enchant monster (bad)
 11630 | Lair:2   | XOM: divination: detect creatures
 11703 | Lair:2   | Identified Ufenu's Tome of the Oath and Conjuration (Xom
                  | gifted it to you on level 2 of the Lair of Beasts)
 11703 | Lair:2   | XOM: god gift: Ufenu's Tome of the Oath and Conjuration
 11965 | Lair:2   | XOM: god gift: ration
 12433 | Lair:3   | XOM: divination: detect creatures
 12630 | Lair:3   | Found a snail-covered altar of Cheibriados.
 12663 | Lair:3   | XOM: confuse monster(s)
 12673 | Lair:3   | XOM: divine lightning
 12916 | Lair:3   | XOM: destruction
 13122 | Lair:3   | XOM: summons friendly quasit
 13730 | Lair:4   | Noticed Kirke
 13738 | Lair:4   | XOM: enchant monster (good)
 13757 | Lair:4   | Killed Kirke
 13757 | Lair:4   | Reached skill level 10 in Fighting
 13757 | Lair:4   | Reached skill level 10 in Short Blades
 13794 | Lair:4   | XOM: god gift: potion of curing
 13873 | Lair:4   | Learned a level 5 spell: Bolt of Magma
 13948 | Lair:4   | Identified Sif Muna's Volume of Bewitchment
 13968 | Lair:4   | Found a transporter.
 13970 | Lair:4   | Found a transporter.
 13971 | Lair:4   | Noticed Mandevil's ghost (journeyman OpAK)
 14344 | Lair:4   | XOM is BORED!
 14344 | Lair:4   | XOM: mild Summ miscast
 14426 | Lair:5   | XOM: noise
 14497 | Lair:5   | Reached XP level 13. HP: 103/103 MP: 27/27
 14567 | Lair:5   | XOM: summons friendly white imp
 14658 | Lair:5   | XOM: confuse monster(s)
 14661 | Lair:5   | XOM: give mutations
 14661 | Lair:5   | Gained mutation: Your mind is acute. (Int +2) [Xom's grace]
 14661 | Lair:5   | Gained mutation: You possess an exceptional clarity of
                  | mind. [Xom's grace]
 15197 | Lair:6   | Entered Level 6 of the Lair of Beasts
 15248 | Lair:6   | XOM: mild Pois miscast
 15252 | Lair:6   | XOM: confuse monster(s)
 15274 | Lair:6   | XOM: mild Conj miscast
 15283 | Lair:6   | XOM: cast spell 'Leda's Liquefaction'
 15292 | Lair:6   | XOM: scenery: create altars
 15299 | Lair:6   | XOM: noise
 15480 | Lair:6   | XOM: give mutations
 15480 | Lair:6   | Lost mutation: You have a pair of antennae on your head.
                  | [Xom's mischief]
 15480 | Lair:6   | Lost mutation: You possess an exceptional clarity of mind.
                  | [Xom's mischief]
 15480 | Lair:6   | Gained mutation: Your body sometimes deteriorates upon
                  | taking damage. [Xom's mischief]
 15528 | Lair:6   | XOM: polymorph death yak -> catoblepas
 15543 | Lair:6   | XOM: noise
 15553 | Lair:6   | XOM: enchant monster (bad)
 15562 | Lair:6   | XOM: harmless Summ miscast
 15576 | Lair:6   | Xom revived you
 15580 | Lair:6   | XOM: cast spell 'Death Channel'
 15627 | Lair:6   | XOM: butterfly on damage
 15636 | Lair:6   | Killed from afar by a lindwurm

Levels and vault maps discovered:
D:1:      elethiomel_arrival_fortress_basement, layout_basic, serial_glass,
          glass_columns_a, glass_columns_a
D:2:      layout_rooms, grunt_dithmenos_smoke_and_mirrors, minmay_cut_off
D:3:      layout_loops_corners, lemuel_doored_altar, old_standard_altar,
          nicolae_overflow_hidden_temple, first_ration, uniq_natasha
D:4:      layout_loops_ring, uniq_eustachio
D:5:      layout_basic, kennysheep_little_box, minmay_temple_entry_tees,
          fedhas_altar_1
D:6:      layout_rooms, overflow_temple_1_default, overflow_temple_1_default,
          serial_shops, shop, shop, shop, kennysheep_mini, shop
D:7:      layout_rooms, grunt_livestock, uniq_pikel, uniq_joseph,
          uniq_crazy_yiuf_cottage
D:8:      layout_gridville, erik_lair_orcish_takeover, basic_altar,
          minmay_misc_feat_roman
D:9:      layout_basic, ebering_ghost_gozag, minivault_11
D:10:     layout_loops_ring, david_orc_4, serial_shops, shop_fountains,
          nicolae_shop_temple_entry_statues_fountains,
          nicolae_shop_overgrown_old_shop, tgw_kikubaaqudgha
D:11:     layout_roguey, minivault_16, minmay_between
Lair:1:   layout_misc_corridors, grunt_forest_small_clearings,
          beast_lair_carwin_8, uniq_sonja
Lair:2:   layout_hall_layers, elwin_shoals_entry_rocks, spider_nest_entry_webs
Lair:3:   lemuel_slime, layout_chaotic_city, basic_altar
Lair:4:   layout_roguey, gammafunk_ghost_hive, beast_lair_carwin_4, uniq_kirke
Lair:5:   layout_roguey, serial_bayou_lagoon_b, lemuel_fruit_tree
Lair:6:   grunt_lair_end_beastmaster, layout_long_grid,
          nicolae_slime_entry_slimehenge, grunt_megastairs_4,
          minmay_lair_oklob_chamber

Skill      XL: |  1  2  3  4  5  6  7  8  9 10 11 12 13 |
---------------+----------------------------------------+-----
Invocations    | 1 2 3 4 5 6 7 8 9 |  9.2
Long Blades    | 1 2 3 4 5 6 7 8 |  8.4
Axes           | 1 2 3 4 5 6 7 8 |  8.4
Maces & Flails | 1 2 3 4 5 6 7 8 |  8.4
Polearms       | 1 2 3 4 5 6 7 8 |  8.4
Staves         | 1 2 3 4 5 6 7 8 |  8.4
Slings         | 1 2 3 4 5 6 7 8 |  8.4
Bows           | 1 2 3 4 5 6 7 8 |  8.4
Crossbows      | 1 2 3 4 5 6 7 8 |  8.4
Throwing       | 1 2 3 4 5 6 7 8 |  8.4
Stealth        | 1 2 3 4 5 6 7 8 |  8.4
Shields        | 1 2 3 4 5 6 7 8 |  8.4
Unarmed Combat | 1 2 3 4 5 6 7 8 |  8.4
Spellcasting   | 1 2 3 4 5 6 7 8 |  8.4
Evocations     | 1 2 3 4 5 6 7 8 |  8.4
Conjurations   | 1 2 3 4 5 6 7 |  7.0
Hexes          | 1 2 3 4 5 6 7 |  7.0
Charms         | 1 2 3 4 5 6 7 |  7.0
Summonings     | 1 2 3 4 5 6 7 |  7.0
Necromancy     | 1 2 3 4 5 6 7 |  7.0
Translocations | 1 2 3 4 5 6 7 |  7.0
Transmutations | 1 2 3 4 5 6 7 |  7.0
Fire Magic     | 1 2 3 4 5 6 7 |  7.0
Ice Magic      | 1 2 3 4 5 6 7 |  7.0
Air Magic      | 1 2 3 4 5 6 7 |  7.0
Earth Magic    | 1 2 3 4 5 6 7 |  7.0
Poison Magic   | 1 2 3 4 5 6 7 |  7.0
Dodging        | 3 4 5 6 7 8 |  8.8
Armour         | 5 6 7 8 9 |  9.6
Fighting       | 7 8 9 10 | 10.5
Short Blades   | 7 8 9 10 | 10.5

Action                   |  1- 3 |  4- 6 |  7- 9 | 10-12 | 13-15 || total
-------------------------+-------+-------+-------+-------+-------++-------
Melee: Short sword       |   108 |   215 |   215 |       |       ||   538
       Bite              |    11 |    16 |    49 |   103 |    30 ||   209
       Dagger            |       |       |   182 |   337 |    10 ||   529
       Punch             |       |       |     7 |    26 |    10 ||    43
       Unarmed           |       |       |    29 |       |       ||    29
       Scimitar          |       |       |       |   297 |   103 ||   400
       Kick              |       |       |       |    11 |    69 ||    80
Throw: Boomerang         |       |    14 |    19 |     9 |       ||    42
       Stone             |       |     4 |     7 |     7 |       ||    18
       Dart              |       |       |    20 |    30 |       ||    50
 Cast: Call Canine Famil |       |       |       |     9 |     1 ||    10
       Mephitic Cloud    |       |       |       |     8 |       ||     8
       Magic Dart        |       |       |       |    25 |     2 ||    27
       Bolt of Magma     |       |       |       |       |    17 ||    17
  Use: Potion            |       |     2 |     9 |     3 |     1 ||    15
       Scroll            |       |       |     4 |     6 |     1 ||    11
 Stab: Sleeping          |     2 |     2 |     1 |    16 |     3 ||    24
       Paralysed         |       |     1 |     1 |       |       ||     2
       Distracted        |       |     2 |       |     3 |     1 ||     6
       Petrified         |       |     1 |     2 |       |     3 ||     6
       Confused          |       |       |     4 |    14 |       ||    18
       Petrifying        |       |       |     2 |       |       ||     2
  Eat: Chunk             |       |     5 |    11 |    29 |     6 ||    51
       Ration            |       |       |       |       |     1 ||     1
Armor: Leather armour    |    38 |    65 |    60 |       |       ||   163
       Robe              |       |       |    34 |   116 |    13 ||   163
       Skin              |       |       |    21 |       |       ||    21
Dodge: Dodged            |    89 |   134 |   281 |   416 |    92 ||  1012
Block: Other             |       |       |       |    22 |    22 ||    44
       Rpst.: Scimitar   |       |       |       |    76 |    20 ||    96
